 Dungeon Crawl Stone Soup version 0.22-a0-422-g9628fc8 (webtiles) character file.

51 Kairos the Shield-Bearer (level 3, 20/20 HPs)
             Began as a Vine Stalker Fighter on May 19, 2018.
             Quit the game on level 1 of the Dungeon.
             The game lasted 00:01:08 (1430 turns).

Kairos the Shield-Bearer (Vine Stalker Fighter)     Turns: 1430, Time: 00:01:10

Health: 20/20      AC: 10    Str: 19    XL:     3   Next: 83%
Magic:  4/4        EV:  5    Int:  8    God:
Gold:   56         SH:  9    Dex: 13    Spells: 2/2 levels left

rFire    . . .     SeeInvis .   a - +0 war axe
rCold    . . .     Gourm    .   c - +0 shield
rNeg     . . .     Faith    .   g - +0 chain mail
rPois    .         Spirit   +   e - +0 helmet
rElec    .         Reflect  .   (no cloak)
rCorr    .         Harm     .   (no gloves)
MR       .....                  (no boots)
Stlth    ..........             (no amulet)
HPRegen  0.06/turn              (no ring)
MPRegen  0.09/turn              (no ring)

@: no status effects
A: fangs 2, magic shield, antimagic bite, no potion heal 3, rot immunity
a: no special abilities


You were on level 1 of the Dungeon.
You were hungry.

You visited 1 branch of the dungeon, and saw 1 of its levels.

You collected 56 gold pieces.

Inventory:

Hand Weapons
 a - a +0 war axe (weapon)
Armour
 b - a +0 scale mail
 c - a +0 shield (worn)
 e - a +0 helmet (worn)
 g - a +0 chain mail (worn)
Potions
 d - 2 potions of might
 h - a potion of resistance {unknown}
 i - 2 potions of haste {unknown}
Comestibles
 f - 2 rations


   Skills:
 + Level 3.0 Fighting
 + Level 2.5 Axes
 + Level 2.5 Armour
 + Level 3.3 Shields


You had 2 spell levels left.
You didn't know any spells.
Your spell library was empty.

Dungeon Overview and Level Annotations

Branches:
Dungeon (1/15)

Altars:


Innate Abilities, Weirdness & Mutations

You have extremely sharp teeth.
When hurt, damage is shared between your health and your magic reserves.
Your bite disrupts and absorbs the magic of your enemies.
Potions cannot restore your health.
You are immune to rotting.


Message History

You hit the dart slug. You bite the dart slug. You drain its power.
The dart slug is severely wounded.
You block the dart slug's attack.
A dart slug is nearby!
You hit the dart slug.
You kill the dart slug!
There is an open door here.
There is an open door here.
Key pressed, stopping explore.
No target in view!
Done exploring.
No target in view!
Done exploring.
No target in view!
Done exploring.
No target in view!
Done exploring.
Done exploring.
Done exploring.
Are you sure you want to abandon this character and quit the game? (Confirm with "yes".)

...........#
...........##
...####.....## .###
###....# ## ####.#
### .### ###.<#.#
##.##
...####....#.###.#.##
...........#....###.#
...........#.###@#.##
..........##.# ##.##
#........##..# #.#
###....###...# #.#
#.######.....# #.#
#.........##.# #.#
#.....###.##.# #.#
..###.###)##.# #.#
#.# #.##...#.# #.#


There were no monsters in sight!

Vanquished Creatures
  2 dart slugs (D:1)
  2 leopard geckos (D:1)
  5 bats (D:1)
  3 giant cockroaches (D:1)
  5 goblins (D:1)
  7 hobgoblins (D:1)
  4 jackals (D:1)
  4 kobolds (D:1)
  3 frilled lizards (D:1)
  2 rats (D:1)
37 creatures vanquished.

Notes
Turn   | Place    | Note
-------+----------+-------------------------------------------
     0 | D:1      | Kairos the Vine Stalker Fighter began the quest for the Orb.
     0 | D:1      | Reached XP level 1. HP: 11/11 MP: 2/2
   357 | D:1      | Reached XP level 2. HP: 16/16 MP: 3/3
   677 | D:1      | Reached XP level 3. HP: 19/19 MP: 2/4
  1430 | D:1      | Quit the game

Vault maps used:
D:1:      minmay_arrival_loop

Skill      XL: |  1  2  3 |
---------------+----------+-----
Shields        | 3 |  3.3
Axes           | 2 |  2.5
Fighting       | 3 |  3.0
Armour         | |  2.5

Action                   || total
-------------------------++-------
Melee: War axe           ||   114
       Bite              ||    30
  Eat: Chunk             ||     1
Armor: Scale mail        ||    13
       Chain mail        ||    67
Dodge: Dodged            ||    33
Block: Shield            ||    72

Table legend:
 A = Spawn XP
 B = Non-spawn XP
 C = Spawn XP percentage of total XP
 D = Spawn monster count
 E = Non-spawn monster count
 F = Spawn count percentage of total count
 G = Total turns spent on level
                    A         B        C        D         E        F      G
               +---------+---------+-------+---------+---------+-------+---------
         Total |       0 |      74 |   0.0 |       0 |      37 |   0.0 |  1430
               +---------+---------+-------+---------+---------+-------+---------
           D:1 |       0 |      74 |   0.0 |       0 |      37 |   0.0 |  1430
               +---------+---------+-------+---------+---------+-------+---------
